 Dungeon Crawl Stone Soup version 0.30-a0-341-g682706514a (webtiles) character file.

Game seed: 8189400780967637930

807 Muataran the Chopper (level 7, -4/61 HPs)
             Began as a Hill Orc Fighter on Nov 1, 2022.
             Was an Initiate of Qazlal.
             Slain by a wyvern (7 damage)
             ... on level 4 of the Dungeon.
             The game lasted 00:05:33 (3273 turns).

Muataran the Chopper (Hill Orc Fighter)             Turns: 3273, Time: 00:05:34

Health: -4/61      AC:  8    Str: 21    XL:     7   Next: 92%
Magic:  9/9        EV:  9    Int:  8    God:    Qazlal [......]
Gold:   69         SH:  5    Dex: 10    Spells: 6/6 levels left

rFire   . . .      SeeInvis .    a - +0 war axe
rCold   . . .      Faith    .    c - +0 buckler
rNeg    . . .      Spirit   .    b - +0 scale mail
rPois   .          Reflect  .    (no helmet)
rElec   .          Harm     .    (no cloak)
rCorr   .          Rampage  .    l - +0 pair of gloves
Will    .....                    (no boots)
Stlth   ..........               (no amulet)
HPRegen 0.30/turn                (no ring)
MPRegen 0.11/turn                (no ring)

@: about to teleport
A: no striking features
a: Renounce Religion


You were on level 4 of the Dungeon.
You worshipped Qazlal.
Qazlal was noncommittal.
You visited 2 branches of the dungeon, and saw 6 of its levels.

You collected 153 gold pieces.
You spent 84 gold pieces at shops.

Inventory:

Hand Weapons
 a - a +0 war axe (weapon)
Armour
 b - a +0 scale mail (worn)
 c - a +0 buckler (worn)
 l - a +0 pair of gloves (worn)
 n - a scarf of shadows
 w - a +0 cloak
Jewellery
 p - a ring of flight
 s - a +6 ring of strength
Scrolls
 e - a scroll of fog {unknown}
 f - a scroll of teleportation
 h - a scroll of magic mapping {unknown}
 k - 8 scrolls of identify {unknown}
 m - a scroll of noise {unknown}
 o - a scroll of enchant weapon {unknown}
 q - 3 scrolls of torment {unknown}
 r - 2 scrolls of amnesia {unknown}
 t - a scroll of brand weapon {unknown}
 u - a scroll of immolation {unknown}
 v - a scroll of summoning {unknown}
Potions
 g - 2 potions of lignification {unknown}
 i - a potion of flight {unknown}
 j - 2 potions of heal wounds {unknown}


   Skills:
 + Level 5.6 Fighting
 * Level 7.1 Axes
 + Level 5.1 Armour
 - Level 5.0 Shields
 * Level 3.9 Invocations


You had 6 spell levels left.
You didn't know any spells.
Your spell library was empty.

Dungeon Overview and Level Annotations

Branches:
Dungeon (5/15)             Temple (1/1) D:4

Altars:
Dithmenos
Kikubaaqudgha
Qazlal
Sif Muna
Vehumet
Wu Jian
Xom

Shops:
D:3 :   D:4 (*=


Message History

There is a stone staircase leading up here.
You now have 69 gold pieces (gained 14).
Found a short sword.
A wyvern comes into view.
There is a stone staircase leading down here.
There is a stone staircase leading up here.
You start waiting.
Done waiting.
You start waiting.
A wyvern is nearby!
The wyvern hisses angrily.
What are your orders? t - Shout!
Orders for allies: a - Attack new target. r - Retreat! s - Stop attacking. g - Guard the area. f - Follow me.
Anything else - Cancel.
You shout for attention!
The wyvern closely misses you. The wyvern bites you! The wyvern bites you!
The wyvern barely misses you.
You climb upwards.
There is a stone staircase leading down, spattered with blood here.
You closely miss the wyvern. The wyvern bites you!
You hit the wyvern.
The wyvern is lightly wounded.
The wyvern bites you!
* * * LOW HITPOINT WARNING * * *
The wyvern bites you but does no damage.
You feel better.
The wyvern bites you but does no damage.
As you read the scroll of teleportation, it crumbles to dust.
You feel strangely unstable. The wyvern bites you!
* * * LOW HITPOINT WARNING * * *
You block the wyvern's attack.
Things that are here:
5 stones; a +0 dagger The wyvern barely misses you.
The wyvern attacks as you move away! The wyvern bites you!
You die...

#.##.##..#.##.###.###.# ###
#.##.##..#.##.........#### ..#
#.##.......##...#.##......
#.######.#####..####........#####
#...............)).....#....# #
##############..(>)....#.##.# #
###(####..#.##.# #
#l##.........#####
#@##.##....#..<...
#.##.##.##.####### #.......##.# #
#.########.### # ###.### #.....#
# #...>.# #.....# # #.....#
#<....# ## #.....# ####..# #.
#.....# #∩#..# #.


You could see a wyvern.

Vanquished Creatures
  Menkaure (D:4)
  A sky beast (D:5)
  A phantom (D:4)
  A kobold brigand (D:4)
  2 scorpions
  2 jellies (D:4)
  3 iguanas (D:4)
  2 orc wizards (D:4)
  4 gnolls
  3 adders
  A white imp (D:5)
  An ufetubus (D:5)
  A worm (D:3)
  2 dart slugs
  11 orcs
  5 ball pythons
  3 endoplasms
  2 giant cockroaches
  2 hobgoblins
  10 jackals
  7 kobolds
  2 quokkas
  2 bats (D:1)
  4 frilled lizards
  7 goblins
  A rat (D:1)
81 creatures vanquished.

Vanquished Creatures (others)
  4 plants (D:4)
4 creatures vanquished.

Grand Total: 85 creatures vanquished

Notes
Turn   | Place    | Note
-------+----------+-------------------------------------------
     0 | D:1      | Muataran the Hill Orc Fighter began the quest for the Orb.
     0 | D:1      | Reached XP level 1. HP: 19/19 MP: 1/1
    16 | D:1      | Found a faded altar of an unknown god.
   152 | D:1      | Reached skill level 3 in Axes
   178 | D:1      | Reached XP level 2. HP: 26/27 MP: 2/2
   364 | D:2      | Reached XP level 3. HP: 33/33 MP: 3/3
   602 | D:2      | You fall into a shaft and drop 1 floor!
   610 | D:3      | Found Myplawk's Book Emporium.
   624 | D:3      | Found a shimmering blue altar of Sif Muna.
   735 | D:3      | Reached skill level 4 in Axes
   892 | D:3      | Reached XP level 4. HP: 37/40 MP: 4/4
   940 | D:3      | Identified the +1 ring mail of Sufficient Beauty {Contam
                  | Int+6}
  1010 | D:4      | Found Ewihuedo's Jewellery Shop.
  1061 | D:4      | Reached XP level 5. HP: 9/47 MP: 5/5
  1209 | D:4      | Found a radiant altar of Vehumet.
  1264 | D:4      | Reached skill level 5 in Axes
  1353 | D:4      | Noticed a phantom
  1363 | D:4      | Killed a phantom
  1364 | D:4      | Reached XP level 6. HP: 54/55 MP: 6/6
  1488 | D:4      | Found a staircase to the Ecumenical Temple.
  1491 | D:4      | Noticed Menkaure
  1496 | Temple   | Entered the Ecumenical Temple
  1621 | Temple   | Became a worshipper of Qazlal Stormbringer
  1659 | D:4      | Killed Menkaure
  1660 | D:4      | Reached skill level 5 in Fighting
  1660 | D:4      | Reached skill level 6 in Axes
  1660 | D:4      | Reached skill level 1 in Invocations
  1809 | D:4      | Reached XP level 7. HP: 55/61 MP: 8/8
  1880 | D:4      | Found Vopn's General Store.
  1889 | D:4      | Bought a potion of curing for 42 gold pieces
  1889 | D:4      | Bought a scroll of teleportation for 42 gold pieces
  2039 | D:4      | Found an ancient bone altar of Kikubaaqudgha.
  2050 | D:4      | Found Liur's Antique Weapon Shop.
  2381 | D:5      | Entered Level 5 of the Dungeon
  2672 | D:5      | Reached skill level 5 in Shields
  2852 | D:4      | Reached skill level 7 in Axes
  2852 | D:4      | Reached skill level 5 in Armour
  3083 | D:5      | Noticed a wyvern
  3269 | D:4      | HP: 2/61 [wyvern (10)]
  3273 | D:4      | Slain by a wyvern

Illustrated notes

Levels and vault maps discovered:
D:1:      saegor_arrival_simple_d, layout_rooms, serial_forest,
          infiniplex_forest_end_3, infiniplex_forest_clump_curved,
          infiniplex_forest_fountain, infiniplex_forest_straight_3,
          infiniplex_forest_clump_medium,
          hellmonk_ecumenical_altar_pennies_from_heaven
D:2:      layout_basic, roderic_lattice_a, kennysheep_nondescript
D:3:      layout_loops_ring, nzn_hepliaklqana_mist_gate,
          nicolae_sif_muna_condensation, serial_shops,
          nicolae_shop_window_shopping
D:4:      layout_loops_cross, mainiacjoe_overflow_six_doors_small,
          mainiacjoe_overflow_surrounded_room,
          minmay_temple_entry_gardened_gates, serial_shops, nicolae_shop_trees,
          kennysheep_mini, nicolae_diamond_shop, uniq_menkaure
D:5:      layout_rooms, ebering_ghost_gozag
Temple:   hellmonk_temple_beads

Skill      XL: |  1  2  3  4  5  6  7 |
---------------+----------------------+-----
Axes           | 3 4 5 6 7 |  7.1
Fighting       | 4 5 |  5.6
Armour         | 4 5 |  5.1
Shields        | 4 5 |  5.0
Invocations    | 2 3 |  3.9

Action                   |  1- 3 |  4- 6 |  7- 9 || total
-------------------------+-------+-------+-------++-------
Melee: War axe           |   113 |   110 |   101 ||   324
  Use: Potion            |       |     1 |     1 ||     2
       Scroll            |       |       |     1 ||     1
Armor: Scale mail        |    63 |    50 |    41 ||   154
Dodge: Dodged            |    62 |    45 |    35 ||   142
Block: Buckler           |    27 |    19 |    23 ||    69

Table legend: (Time is in decaauts)
 A = Elapsed time spent in this place.
 B = Non-inter-level travel time spent in this place.
 C = Inter-level travel time spent in this place.
 D = Time resting spent in this place.
 E = Time spent auto-exploring this place.
 F = Levels seen in this place.
 G = Mean time per level.
                   A        B        C        D        E       F      G
               +--------+--------+--------+--------+--------+-----+--------+
         Total |   3375 |   3284 |     91 |    949 |   1582 |   6 |  562.5 |
       Dungeon |   3124 |   3060 |     64 |    772 |   1553 |   5 |  624.8 |
        Temple |    250 |    223 |     27 |    177 |     29 |   1 |  250.0 |
               +--------+--------+--------+--------+--------+-----+--------+

Top non-repeatable levels by time:
     D:4: 1611 daAuts
     D:5: 469 daAuts
     D:2: 428 daAuts
     D:3: 421 daAuts
  Temple: 250 daAuts
     D:1: 194 daAuts
